 Dungeon Crawl Stone Soup version 0.25-a0-668-gea548f19b6 (webtiles) character file.

Game seed: 6350629479798197273, levelgen mode: deterministic

2207 kae the Grappler (level 9, -3/70 HPs)
             Began as a Naga Transmuter on Mar 27, 2020.
             Slain by a gnoll
             ... wielding a +0 whip
              (6 damage)
             ... on level 8 of the Dungeon on Mar 28, 2020.
             The game lasted 00:10:09 (8135 turns).

kae the Grappler (Naga Transmuter)                  Turns: 8135, Time: 00:10:10

Health: -3/70      AC:  2    Str: 14    XL:     9   Next: 34%
Magic:  33/35      EV: 19    Int: 16    God:
Gold:   345        SH:  0    Dex: 16    Spells: 13/19 levels left

rFire    . . .     SeeInvis +     - Unarmed
rCold    . . .     Gourm    .   (shield currently unavailable)
rNeg     . . .     Faith    .   (armour currently unavailable)
rPois    x         Spirit   .   (helmet currently unavailable)
rElec    .         Reflect  .   (cloak currently unavailable)
rCorr    .         Harm     .   (gloves currently unavailable)
MR       +....                  (no barding)
Stlth    +.........             (no amulet)
HPRegen  0.21/turn              k - ring of magical power
MPRegen  0.24/turn              g - ring of magical power

@: spider-form
A: tiny, see invisible, slow metabolism 1, spit poison 1, AC +3
a: Spit Poison, End Transformation


You were on level 8 of the Dungeon.
You were very hungry.
You were a venomous arachnid creature.
You visited 2 branches of the dungeon, and saw 9 of its levels.

You collected 345 gold pieces.

Inventory:

Hand Weapons
 h - a +1 dagger of electrocution
Missiles
 a - 176 arrows
Armour
 b - a +0 robe (melded)
 p - a +0 pair of gloves (melded)
 q - a +1 helmet (melded)
Jewellery
 g - a ring of magical power (right front leg)
 k - a ring of magical power (left front leg)
 m - an uncursed ring of ice
 x - an uncursed ring of resist corrosion
Wands
 v - a wand of disintegration (15)
 y - a wand of clouds (6)
Scrolls
 c - 2 scrolls of remove curse
 f - a scroll of magic mapping
 i - 4 scrolls of teleportation
 j - 4 scrolls of enchant armour
 o - 3 scrolls of fear
Potions
 e - a potion of curing
 n - a potion of might
 r - a potion of berserk rage
 s - a potion of flight
 t - 3 potions of stabbing {unknown}
 u - a potion of haste {unknown}
Comestibles
 d - 15 rations


   Skills:
 - Level 1.0 Fighting
 - Level 1.5 Dodging
 * Level 9.2 Unarmed Combat
 + Level 5.8 Spellcasting
 + Level 6.3 Transmutations


You had 13 spell levels left.
You knew the following spells:

 Your Spells              Type           Power        Failure   Level  Hunger
a - Beastly Appendage     Tmut           ###...       5%          1    None
b - Sticks to Snakes      Tmut           ###.....     7%          2    #......
c - Spider Form           Tmut/Pois      ##........   28%         3    ##.....

Your spell library contained the following spells:

 Spells                   Type           Power        Failure   Level  Hunger
 Corona                   Hex            #......      32%         1    None
 Ensorcelled Hibernation  Hex/Ice        #.....       43%         2    #......
 Blade Hands              Tmut           ###.......   50%         5    ######.
 Ice Form                 Ice/Tmut       ##......     58%         4    ####...
 Confusing Touch          Hex            #.......     61%         3    ##.....
 Dazzling Flash           Conj/Hex       #.....       61%         3    ##.....
 Tukima's Dance           Hex            #.......     61%         3    ##.....


Dungeon Overview and Level Annotations

Branches:
Dungeon (8/15)             Temple (1/1) D:4
   Lair: D:8-11

Altars:
Ashenzari
Cheibriados
Dithmenos
Fedhas
Gozag
Kikubaaqudgha
Nemelex Xobeh
Okawaru
Qazlal
Ru
Sif Muna
Trog
Uskayaw
Xom
Yredelemnul
Zin
The Shining One
Lugonu

Annotations:
D:7 2 transporters, ipx's ghost, novice GrAM


Innate Abilities, Weirdness & Mutations

You cannot wear boots.
((Your serpentine skin is tough. (AC +3)))
You have supernaturally acute eyesight. (SInv)
((Armour fits poorly on your strangely shaped body.))
((Your system is resistant to poisons. (rPois)))
((You cover ground very slowly.))
You have a slow metabolism.
You can spit poison.


Message History

You turn into a venomous arachnid creature.
Your +1 helmet melds into your body.
Your +0 pair of gloves melds into your body.
Your +0 robe melds into your body.
The gnoll hits you with a +0 whip.
The gnoll hits you from afar with a +0 spear.
* * * LOW HITPOINT WARNING * * *
The gnoll barely misses you. The gnoll closely misses you.
The gnoll hits you from afar with a +0 spear.
* * * LOW HITPOINT WARNING * * *
You barely miss the kobold.
The kobold hits you with a +0 short sword.
* * * LOW HITPOINT WARNING * * *
The gnoll misses you. The gnoll hits you with a +0 whip.
* * * LOW HITPOINT WARNING * * *
The gnoll hits you from afar with a +0 spear.
* * * LOW HITPOINT WARNING * * *
You bite the kobold!
You kill the kobold!
The gnoll closely misses you. The gnoll hits you with a +0 whip.
You die...

#..#.....#
#....#######
#..#.....# #..#.#
#..#..#..# #.##.#
###..#..#..###.##.##
+..................#
###..##.#..######..#
+...................#
#.#...#)##Y.#####...#
#<..#(sgg....... ..
#...####g......# . #
.y...# #(.####.#..
._....# #..........
.....#### #Kg>.......
.._.# #g.(.##.#..
.... .....Y.........
#####....##.#..
#....# #


You could see an ice beast and 3 gnolls.

Vanquished Creatures
  Prince Ribbit (D:6)
  Sigmund (D:2)
  A sky beast (D:6)
  A phantom (D:4)
  3 centaurs
  An ogre (D:7)
  3 bullfrogs
  A big kobold (D:8)
  A water moccasin skeleton (D:6)
  3 killer bees (D:8)
  2 crimson imps
  A gnoll shaman (D:4)
  4 hounds
  A jelly (D:5)
  A centaur skeleton (D:6)
  2 orc wizards (D:7)
  2 iguanas
  7 worker ants
  2 hound skeletons
  Robin (D:3)
  12 adders
  6 gnolls
  A shadow imp (D:6)
  An ooze (D:2)
  An adder skeleton (D:6)
  An adder zombie (D:7)
  5 worms
  5 dart slugs
  4 leopard geckos
  17 orcs
  A ball python (D:2)
  7 giant cockroaches
  6 hobgoblins
  14 jackals
  12 kobolds
  A quokka (D:4)
  10 bats
  5 frilled lizards
  21 goblins
  A quokka skeleton (D:5)
  7 rats
177 creatures vanquished.

Vanquished Creatures (collateral kills)
  2 adders (D:5)
  A jackal (D:1)
  A goblin (D:1)
  A kobold (D:2)
5 creatures vanquished.

Grand Total: 182 creatures vanquished

Notes
Turn   | Place    | Note
-------+----------+-------------------------------------------
     0 | D:1      | kae the Naga Transmuter began the quest for the Orb.
     0 | D:1      | Reached XP level 1. HP: 18/18 MP: 3/3
   341 | D:1      | Reached XP level 2. HP: 14/25 MP: 3/5
   354 | D:1      | Learned a level 2 spell: Sticks to Snakes
  1251 | D:1      | Reached XP level 3. HP: 27/31 MP: 4/6
  1256 | D:1      | Learned a level 3 spell: Spider Form
  1556 | D:2      | Found a sacrificial altar of Ru.
  1835 | D:2      | Found a basalt altar of Yredelemnul.
  1850 | D:2      | Reached skill level 4 in Unarmed Combat
  1968 | D:2      | Reached XP level 4. HP: 37/38 MP: 5/7
  1989 | D:2      | Noticed Sigmund
  2012 | D:2      | Killed Sigmund
  2012 | D:2      | Reached skill level 5 in Unarmed Combat
  2012 | D:2      | Reached XP level 5. HP: 37/44 MP: 5/9
  2012 | D:2      | Reached XP level 6. HP: 43/51 MP: 5/10
  3133 | D:3      | Found a sparkling altar of Nemelex Xobeh.
  3246 | D:3      | Found a snail-covered altar of Cheibriados.
  3724 | D:3      | Noticed Robin
  3743 | D:3      | Reached XP level 7. HP: 45/57 MP: 12/12
  3765 | D:3      | Killed Robin
  4280 | D:4      | Reached skill level 6 in Unarmed Combat
  4476 | D:4      | Found a bloodstained altar of Trog.
  4542 | D:4      | Found a staircase to the Ecumenical Temple.
  4638 | Temple   | Entered the Ecumenical Temple
  4913 | D:4      | Found an opulent altar of Gozag.
  5179 | D:4      | Found a shadowy altar of Dithmenos.
  5312 | D:5      | Entered Level 5 of the Dungeon
  5499 | D:5      | Reached XP level 8. HP: 61/64 MP: 14/14
  5511 | D:5      | Reached skill level 7 in Unarmed Combat
  5692 | D:5      | Reached skill level 5 in Transmutations
  5988 | D:5      | Found a blossoming altar of Fedhas.
  6084 | D:5      | Found a hide-covered altar of Uskayaw.
  6271 | D:6      | Noticed Prince Ribbit
  6286 | D:6      | Killed Prince Ribbit
  6286 | D:6      | Reached skill level 5 in Spellcasting
  6360 | D:6      | Found an iron altar of Okawaru.
  6624 | D:6      | Reached skill level 8 in Unarmed Combat
  6890 | D:6      | Found a shimmering altar of Xom.
  7293 | D:7      | Found a transporter.
  7296 | D:7      | Noticed ipx's ghost (novice GrAM)
  7333 | D:7      | Reached XP level 9. HP: 68/70 MP: 17/17
  7563 | D:7      | Upgraded the game from 0.25-a0-667-gb977e01cb5 to
                  | 0.25-a0-668-gea548f19b6
  7640 | D:7      | Found a transporter.
  7715 | D:7      | Reached skill level 9 in Unarmed Combat
  7834 | D:8      | Found an opulent altar of Gozag.
  7834 | D:8      | Found a shimmering blue altar of Sif Muna.
  8134 | D:8      | HP: 3/70 [gnoll/+0 spear (5)]
  8135 | D:8      | Slain by a gnoll

Levels and vault maps discovered:
D:1:      scummos_arrival_checkerplants, layout_basic, grunt_decor_cap
D:2:      minmay_angry_zag, layout_basic, nicolae_ru_awakened_eye,
          nicolae_overflow_crystal_walls, first_ration, uniq_sigmund
D:3:      kennysheep_goblin_castle, layout_basic, lemuel_round_altar,
          kennysheep_slug_shrine, nrook_loot_triangle
D:4:      layout_loops_ring, lemuel_coloured_pillars_altar,
          lightli_temple_of_fire, minmay_temple_entry_glass, serial_glass,
          glass_columns_a, glass_columns_a, glass_columns_a, glass_columns_a,
          glass_columns_b, grunt_gozag_statues
D:5:      layout_cave_pools, fedhas_altar_4, kennysheep_little_box,
          serial_column_ruins, column_ruins_hut, column_ruins_columns_T,
          column_ruins_columns_T, column_ruins_open_tiny,
          column_ruins_open_medium, column_ruins_columns_straight,
          column_ruins_open_tiny, column_ruins_columns_dead_end
D:6:      layout_loops_corners, marbit_many_paths, xom_teletrap_fun,
          uniq_prince_ribbit1
D:7:      layout_rooms, gammafunk_ghost_stat_death, minmay_strange_pillars
D:8:      layout_basic, grunt_temple_overflow_open, david_nohive_1, uniq_grum
Temple:   corrupted_temple

Skill      XL: |  1  2  3  4  5  6  7  8  9 |
---------------+----------------------------+-----
Unarmed Combat | 4 5 6 8 9 |  9.2
Spellcasting   | 3 4 5 |  5.8
Transmutations | 3 4 5 6 |  6.3
Fighting       | |  1.0
Dodging        | |  1.5

Action                   |  1- 3 |  4- 6 |  7- 9 || total
-------------------------+-------+-------+-------++-------
Melee: Unarmed           |    91 |   161 |   292 ||   544
       Headbutt          |     6 |       |       ||     6
       Punch             |     2 |       |     2 ||     4
 Cast: Beastly Appendage |    14 |     2 |       ||    16
       Sticks to Snakes  |     2 |       |     6 ||     8
       Spider Form       |     1 |    21 |    35 ||    57
 Abil: Spit Poison       |     7 |     7 |     2 ||    16
  Use: Potion            |       |     1 |     2 ||     3
       Scroll            |       |       |    14 ||    14
 Stab: Distracted        |     1 |       |       ||     1
       Sleeping          |       |     2 |       ||     2
  Eat: Chunk             |     3 |     8 |    11 ||    22
       Ration            |       |       |     1 ||     1
Armor: Robe              |    14 |    39 |    24 ||    77
       Skin              |       |    10 |     8 ||    18
Dodge: Dodged            |    65 |   187 |   237 ||   489

Table legend:
 A = Non-vault XP
 B = Vault XP
 C = Vault XP percentage of total XP
 D = Non-vault monster count
 E = Vault monster count
 F = Vault count percentage of total count
                 A         B        C        D         E       F
            +---------+---------+-------+---------+---------+-------
      Total |    2531 |     623 |  19.8 |     150 |      32 |  17.6
            +---------+---------+-------+---------+---------+-------
        D:1 |      36 |       0 |   0.0 |      21 |       0 |   0.0
        D:2 |     100 |     252 |  71.6 |      21 |       7 |  25.0
        D:3 |     208 |      54 |  20.6 |      26 |      22 |  45.8
        D:4 |     374 |       0 |   0.0 |      21 |       0 |   0.0
        D:5 |     515 |      46 |   8.2 |      20 |       1 |   4.8
        D:6 |     394 |     271 |  40.8 |      12 |       2 |  14.3
        D:7 |     607 |       0 |   0.0 |      19 |       0 |   0.0
        D:8 |     297 |       0 |   0.0 |      10 |       0 |   0.0
            +---------+---------+-------+---------+---------+-------
